 Dungeon Crawl Stone Soup version 0.29-a0-721-g7f417c9bbb (webtiles) character file.

Game seed: 4162021352063417011

7546 zeratav the Marksspriggan (level 10, -3/51 HPs)
             Began as a Spriggan Arcane Marksman on June 27, 2022.
             Was a Follower of Dithmenos.
             Shot with an arrow by a centaur (4 damage)
             ... on level 8 of the Dungeon.
             The game lasted 00:26:56 (10449 turns).

zeratav the Marksspriggan (SpAM)                   Turns: 10449, Time: 00:26:56

Health: -3/51      AC:  4    Str:  6    XL:     10   Next: 96%
Magic:  13/13      EV: 31    Int: 19    God:    Dithmenos [*.....]
Gold:   1509       SH:  0    Dex: 25    Spells: 10/11 levels left

rFire   . . .      SeeInvis +   a - +0 sling
rCold   . . .      Faith    .   (no shield)
rNeg    . . .      Spirit   .   c - +0 robe
rPois   +          Reflect  .   (helmet restricted)
rElec   .          Harm     .   s - +1 cloak of the Other Side {Rampage rPois rF+}
rCorr   .          Rampage  +   (gloves unavailable)
Will    +....                   (boots unavailable)
Stlth   ++++......              (no amulet)
HPRegen 0.17/turn               y - +4 ring of evasion
MPRegen 0.13/turn               t - ring "Orchorr" {Fly rF- Int+5 Dex+4}

@: flying, wreathed by umbra, very quick
A: very small, no large weapons, unfitting armour, see invisible, speed 3
a: Renounce Religion


You were on level 8 of the Dungeon.
You worshipped Dithmenos.
Dithmenos was aware of your devotion.
You visited 2 branches of the dungeon, and saw 10 of its levels.
You also visited: Sewer and Bailey.

You collected 2383 gold pieces.
You spent 874 gold pieces at shops.


Innate Abilities, Weirdness & Mutations

You are very small and have problems with some larger weapons.
You are too small for most types of armour.
You have supernaturally acute eyesight. (SInv)
You cover ground extremely quickly. (Speed+++)


   Skills:
 + Level 4.9 Fighting
 - Level 16.0 Ranged Weapons
 - Level 10.0 Dodging
 - Level 5.7 Stealth
 - Level 1.3 Spellcasting
 - Level 3.6 Hexes


You had 10 spell levels left.
You knew the following spells:

 Your Spells              Type           Power      Damage    Failure   Level
a - Slow                  Hex            60%        N/A       4%          1

Your spell library contained the following spells:

 Spells                   Type           Power      Damage    Failure   Level
 Freeze                   Ice            4%         1d3       19%         1
 Dazzling Flash           Conj/Hex       16%        N/A       26%         3
 Inner Flame              Hex/Fire       8%         N/A       26%         3
 Portal Projectile        Hex/Tloc       16%        N/A       26%         3
 Cause Fear               Hex            7%         N/A       38%         4
 Frozen Ramparts          Ice            2%         1d2       47%         3
 Hailstorm                Conj/Ice       1%         3d3       87%         4
 Iskenderun's Mystic Bla  Conj/Tloc      1%         2d3       87%         4
 Dispersal                Tloc           0%         N/A       100%        6
 Starburst                Conj/Fire      0%         6d3       100%        6
 Disjunction              Tloc           0%         N/A       100%        8

Inventory:

Hand Weapons
 a - a +0 sling (weapon)
 o - a +1 dagger of freezing {short}
   (You found it on level 2 of the Dungeon)
 x - a +2 dagger of electrocution {short}
   (You took it off a kobold on level 4 of the Dungeon)
Armour
 c - a +0 robe (worn)
 s - the +1 cloak of the Other Side (worn) {Rampage rPois rF+}
   (You found it on level 3 of the Dungeon)

   rF:        It protects you from fire.
   rPois:     It protects you from poison.
   Rampage:   It bestows one free step when moving towards enemies.
 L - the +6 fire dragon scales of the World {rPois rF++ rC- Int+3}
   (You found it in a bailey)

   Int:       It affects your intelligence (+3).
   rF:        It greatly protects you from fire.
   rC:        It makes you vulnerable to cold.
   rPois:     It protects you from poison.
Jewellery
 i - a ring of ice
   (You found it on level 1 of the Dungeon)
 q - a +6 ring of intelligence
   (You found it on level 2 of the Dungeon)
 t - the ring "Orchorr" (right hand) {Fly rF- Int+5 Dex+4}
   (You took it off an orc on level 5 of the Dungeon)

   [ring of flight]

   Int:       It affects your intelligence (+5).
   Dex:       It affects your dexterity (+4).
   rF:        It makes you vulnerable to fire.
   Fly:       It grants you flight.
 u - a +4 ring of evasion
   (You took it off a hobgoblin on level 3 of the Dungeon)
 y - a +4 ring of evasion (left hand)
   (You found it on level 5 of the Dungeon)
 D - a ring of protection from cold
   (You found it on level 5 of the Dungeon)
 F - a +6 ring of intelligence
   (You found it on level 6 of the Dungeon)
Wands
 B - a wand of flame (6)
   (You took it off an orc on level 5 of the Dungeon)
Scrolls
 b - 2 scrolls of vulnerability {!r!r}
 d - 2 scrolls of enchant armour
 e - 5 scrolls of fear
 f - a scroll of amnesia
 h - 3 scrolls of poison {!r}
 k - 4 scrolls of magic mapping {!r}
 l - 7 scrolls of teleportation {@r4}
 r - 4 scrolls of fog
 A - 3 scrolls of immolation {!r!r}
 E - 4 scrolls of enchant weapon
 G - 6 scrolls of identify {@r1}
 I - a scroll of noise {unknown}
 J - a scroll of brand weapon
 K - a scroll of summoning
Potions
 g - 5 potions of lignification {unknown}
 j - 5 potions of curing {@q1}
 m - 3 potions of flight {unknown}
 n - 2 potions of invisibility
 p - 3 potions of haste {@q3}
 v - a potion of degeneration {unknown}
 w - 4 potions of might {unknown}
 z - a potion of ambrosia {unknown}
 C - 2 potions of magic {unknown}
 H - 2 potions of heal wounds {unknown}

Dungeon Overview and Level Annotations

Branches:
Dungeon (9/15) Zot: 26591  Temple (1/1) D:7 Zot: 5991   Sewer (visited)
 Bailey (visited)
   Lair: D:8-11         Orc: D:9-12

Altars:
Dithmenos
Hepliaklqana
Kikubaaqudgha
Makhleb
Okawaru
Qazlal
Ru
Sif Muna
Trog
Uskayaw
Wu Jian
Xom
Yredelemnul

Shops:
D:2 =?   D:8 *

Annotations:
D:8 Gastronok

#....#......###(...'∩+
#.#..#.###...##....#'#
#......#........####..
##..##.#.###.#...##... ##
##.###...#...#..##...#
##..#..####..#...#......##
#......#.......#.......##
#..#.#.......<.........##
#...
###.#.@..............##
#.. #)#.#..<.............
#. .................#... #
.................###..
.c).........#......##..#
............#.)....#...#
.)..........#..>......(..
##..........##........>...
.##..##....


You could see a centaur.


Message History

An orc comes into view. It is wielding a +0 falchion.
Fire: a) +0 sling
Press: ? - help, Q - select action, (/) - cycle Shift-Dir - straight line, f/p - centaur
Aim: a centaur, wielding a +2 shortbow of flaming (heavily wounded, 79% to hit)
You shoot a sling bullet.
The sling bullet closely misses the centaur.
The centaur shoots an arrow.
The arrow closely misses you.
HP[+1] Fire: a) +0 sling
Press: ? - help, Q - select action, (/) - cycle Shift-Dir - straight line, f/p - centaur
Aim: a centaur, wielding a +2 shortbow of flaming (heavily wounded, 79% to hit)
You shoot a sling bullet. The sling bullet barely misses the orc.
The sling bullet hits the centaur.
Fire: a) +0 sling
Press: ? - help, Q - select action, (/) - cycle Shift-Dir - straight line, f/p - centaur
Aim: a centaur, wielding a +2 shortbow of flaming (severely wounded, 79% to hit)
You shoot a sling bullet. The sling bullet hits the orc!
You kill the orc!
Dithmenos accepts your kill.
The centaur shoots an arrow.
The arrow barely misses you.
Fire: a) +0 sling
Press: ? - help, Q - select action, (/) - cycle Shift-Dir - straight line, f/p - centaur
Aim: a centaur, wielding a +2 shortbow of flaming (severely wounded, 79% to hit)
You shoot a sling bullet.
The sling bullet barely misses the centaur.
The centaur shoots an arrow.
The arrow completely misses you.
The centaur shoots an arrow.
The arrow completely misses you.
Fire: a) +0 sling
Press: ? - help, Q - select action, (/) - cycle Shift-Dir - straight line, f/p - centaur
Aim: a centaur, wielding a +2 shortbow of flaming (severely wounded, 79% to hit)
You shoot a sling bullet.
The sling bullet barely misses the centaur.
Fire: a) +0 sling
Press: ? - help, Q - select action, (/) - cycle Shift-Dir - straight line, f - orc
Aim: an orc, wielding a +0 falchion (71% to hit)
You shoot a sling bullet. The sling bullet barely misses the orc.
Fire: a) +0 sling
Press: ? - help, Q - select action, (/) - cycle Shift-Dir - straight line, f/p - orc
Aim: an orc, wielding a +0 falchion (71% to hit)
You shoot a sling bullet. The sling bullet hits the orc.
Fire: a) +0 sling
Press: ? - help, Q - select action, (/) - cycle Shift-Dir - straight line, f/p - orc
Aim: an orc, wielding a +0 falchion (heavily wounded, 71% to hit)
You shoot a sling bullet. The sling bullet barely misses the orc.
Fire: a) +0 sling
Press: ? - help, Q - select action, (/) - cycle Shift-Dir - straight line, f/p - orc
Aim: an orc, wielding a +0 falchion (heavily wounded, umbra, 71% to hit)
You shoot a sling bullet. The sling bullet hits the orc!
You kill the orc!
Dithmenos accepts your kill.
The centaur shoots an arrow.
The arrow completely misses you.
HP[+1] Fire: a) +0 sling
Press: ? - help, Q - select action, (/) - cycle Shift-Dir - straight line, f - centaur
Aim: a centaur, wielding a +2 shortbow of flaming (severely wounded, 79% to hit)
You shoot a sling bullet. The sling bullet hits the centaur.
The centaur shoots an arrow.
The arrow barely misses you.
Fire: a) +0 sling
Press: ? - help, Q - select action, (/) - cycle Shift-Dir - straight line, f/p - centaur
Aim: a centaur, wielding a +2 shortbow of flaming (almost dead, 79% to hit)
You shoot a sling bullet.
The sling bullet hits the centaur but does no damage.
The centaur shoots an arrow.
The arrow hits you. The arrow burns you.
HP[-8]
You take 8 damage, and now have 28/51 hp.
Fire: a) +0 sling
Press: ? - help, Q - select action, (/) - cycle Shift-Dir - straight line, f/p - centaur
Aim: a centaur, wielding a +2 shortbow of flaming (almost dead, 79% to hit)
You shoot a sling bullet.
The sling bullet completely misses the centaur.
The centaur shoots an arrow.
The arrow completely misses you.
Fire: a) +0 sling
Press: ? - help, Q - select action, (/) - cycle Shift-Dir - straight line, f/p - centaur
Aim: a centaur, wielding a +2 shortbow of flaming (almost dead, 79% to hit)
You shoot a sling bullet.
The sling bullet hits the centaur but does no damage.
The centaur shoots an arrow.
The arrow closely misses you.
The centaur shoots an arrow.
The arrow hits you!
* * * LOW HITPOINT WARNING * * *
The arrow burns you.
* * * LOW HITPOINT WARNING * * *
HP[-12]
You take 12 damage, and now have 16/51 hp.
MASSIVE DAMAGE!! (PAUSE) Fire: a) +0 sling
Press: ? - help, Q - select action, (/) - cycle Shift-Dir - straight line, f/p - centaur
Aim: a centaur, wielding a +2 shortbow of flaming (almost dead, 79% to hit)
You shoot a sling bullet.
The sling bullet closely misses the centaur.
The centaur shoots an arrow.
The arrow hits you.
* * * LOW HITPOINT WARNING * * *
The arrow burns you.
* * * LOW HITPOINT WARNING * * *
HP[-5]
You take 5 damage, and now have 11/51 hp.
The centaur shoots an arrow.
The arrow completely misses you.
The centaur shoots an arrow.
The arrow hits you!
* * * LOW HITPOINT WARNING * * *
The arrow burns you.
You die...

Skill      XL: |  1  2  3  4  5  6  7  8  9 10 |
---------------+-------------------------------+-----
Ranged Weapons | 3 4 7 9 10 13 16 | 16.0
Stealth        | 5 |  5.7
Dodging        | 4 10 | 10.0
Fighting       | 4 |  4.9
Spellcasting   | |  1.3
Hexes          | |  3.6

Action                   |  1- 3 |  4- 6 |  7- 9 | 10-12 || total
-------------------------+-------+-------+-------+-------++-------
Melee: Dagger            |       |       |     3 |       ||     3
 Fire: Sling             |   164 |   202 |   574 |   521 ||  1461
 Cast: Slow              |     3 |     3 |    25 |     2 ||    33
  Use: Scroll            |     6 |       |     5 |     4 ||    15
Armor: Robe              |     4 |     9 |    16 |     5 ||    34
Dodge: Dodged            |    57 |    50 |   215 |   118 ||   440

Levels and vault maps discovered:
D:1:      minmay_arrival_four_circles, layout_basic
D:2:      layout_rooms, basic_altar, serial_shops, nicolae_diamond_shop,
          nicolae_shop_temple_entry_statues_fountains
D:3:      layout_basic, nicolae_yredelemnul_corpse_copse, tgw_kikubaaqudgha,
          demons_altar, mainiacjoe_overflow_alcove_1,
          nicolae_overflow_crystal_walls, uniq_sigmund
D:4:      layout_loops_ring, uniq_robin
D:5:      kennysheep_big_flooded_room, layout_basic, portal_sewer_entry_b,
          minmay_misc_feat_tower
D:6:      layout_loops_ring
D:7:      layout_basic, minmay_temple_entry_ruins, enter_bailey_5
D:8:      layout_cave_pools, serial_shops, kennysheep_mini,
          nicolae_shop_behind_doors, shop, nicolae_shop_hallway_plus,
          hangedman_abyss_or_decor_stabs, uniq_gastronok
D:9:      layout_loops_corners, trog_hazing_becter, david_lair_generic,
          hangedman_misty_isle
Temple:   eino_temple_rhombus

Notes
Turn   | Place    | Note
-------+----------+-------------------------------------------
     0 | D:1      | zeratav the Spriggan Arcane Marksman began the quest for
                  | the Orb.
     0 | D:1      | Reached XP level 1. HP: 9/9 MP: 3/3
     0 | D:1      | magus.rc [v1.9.6]
    20 | D:1      | f - +0 storm dragon scales {rare}
    25 | D:1      | HP: 2/9 [dart slug/slug dart (1)]
   248 | D:1      | Reached skill level 3 in Ranged Weapons
   407 | D:1      | Reached XP level 2. HP: 14/14 MP: 5/5
   416 | D:1      | You drop +0 storm dragon scales {rare}.
   750 | D:1      | Reached skill level 4 in Ranged Weapons
   976 | D:2      | Reached XP level 3. HP: 17/17 MP: 6/6
  1042 | D:2      | Identified the +1 pair of gloves "Vusar" {Dex+3}
  1052 | D:2      | Found Kobaeta's Magic Scroll Emporium.
  1154 | D:2      | Found Vuaraygu's Jewellery Boutique.
  1298 | D:2      | Found an ornate altar of the Wu Jian Council.
  1463 | D:2      | Bought a scroll of identify for 28 gold pieces
  1463 | D:2      | Bought a scroll of identify for 28 gold pieces
  1578 | D:3      | Reached skill level 5 in Ranged Weapons
  1598 | D:3      | Found a shimmering blue altar of Sif Muna.
  1667 | D:3      | Identified the +1 cloak of the Other Side {Rampage rPois
                  | rF+}
  1700 | D:3      | Noticed Sigmund
  1790 | D:3      | Killed Sigmund
  1791 | D:3      | Reached skill level 7 in Ranged Weapons
  1791 | D:3      | Reached XP level 4. HP: 15/21 MP: 7/7
  1791 | D:3      | Reached XP level 5. HP: 17/25 MP: 8/8
  1920 | D:3      | Found a burning altar of Makhleb.
  1976 | D:3      | Reached XP level 6. HP: 29/29 MP: 9/9
  2158 | D:3      | Reached skill level 8 in Ranged Weapons
  2211 | D:3      | Found a basalt altar of Yredelemnul.
  2286 | D:3      | Found an ancient bone altar of Kikubaaqudgha.
  2289 | D:3      | Noticed a human
  2290 | D:3      | Killed a human
  2429 | D:3      | Found a sacrificial altar of Ru.
  2900 | D:4      | You pick up a book of Frost and begin reading...
  2900 | D:4      | You add the spells Freeze, Frozen Ramparts and Hailstorm to
                  | your library.
  2933 | D:4      | Noticed Robin
  2954 | D:4      | Killed Robin
  3197 | D:4      | Reached skill level 9 in Ranged Weapons
  3260 | D:4      | Reached XP level 7. HP: 29/32 MP: 10/10
  3877 | D:5      | Entered Level 5 of the Dungeon
  3919 | D:4      | Reached skill level 10 in Ranged Weapons
  3919 | D:4      | Reached skill level 2 in Stealth
  3980 | D:5      | You pick up a book of Spectacle and begin reading...
  3980 | D:5      | You add the spells Dazzling Flash, Iskenderun's Mystic
                  | Blast and Starburst to your library.
  4179 | D:5      | Reached skill level 3 in Stealth
  4209 | D:5      | Reached skill level 5 in Stealth
  4400 | D:5      | Reached XP level 8. HP: 37/37 MP: 11/11
  4464 | D:5      | Identified the ring "Orchorr" {Fly rF- Int+5 Dex+4}
  4538 | D:5      | Reached skill level 11 in Ranged Weapons
  4696 | D:5      | Found a glowing drain.
  4728 | Sewer    | Entered a sewer
  4984 | Sewer    | Identified a scroll of acquirement
  4991 | Sewer    | Acquired 454 gold pieces
  5546 | D:5      | Reached skill level 12 in Ranged Weapons
  6169 | D:5      | Reached skill level 13 in Ranged Weapons
  6264 | D:5      | Reached XP level 9. HP: 40/40 MP: 12/12
  6459 | D:6      | Reached skill level 14 in Ranged Weapons
  6499 | D:6      | Noticed a two-headed ogre
  6574 | D:6      | Killed a two-headed ogre
  6575 | D:6      | Reached skill level 15 in Ranged Weapons
  6681 | D:6      | You pick up a book of the Warp and begin reading...
  6681 | D:6      | You add the spells Dispersal and Disjunction to your
                  | library.
  7230 | D:2      | Bought a scroll of acquirement for 728 gold pieces
  7509 | D:7      | Reached skill level 16 in Ranged Weapons
  7530 | D:7      | Reached skill level 3 in Dodging
  7630 | D:7      | Found a staircase to the Ecumenical Temple.
  7641 | Temple   | Entered the Ecumenical Temple
  7647 | Temple   | Became a worshipper of Dithmenos the Shadowed
  7667 | D:7      | Found a flagged portal.
  7709 | D:7      | Reached skill level 4 in Dodging
  7709 | D:7      | Reached XP level 10. HP: 42/44 MP: 13/13
  7718 | D:7      | Reached skill level 5 in Dodging
  7724 | Bailey   | Entered a bailey
  7906 | Bailey   | Noticed an orc warlord
  7926 | Bailey   | Noticed an orc knight
  8016 | Bailey   | Killed an orc knight
  8017 | Bailey   | Reached skill level 6 in Dodging
  8088 | Bailey   | Reached skill level 7 in Dodging
  8242 | Bailey   | Found a runed translucent gate.
  8244 | Bailey   | Found a runed translucent gate.
  8245 | Bailey   | Found a runed translucent gate.
  8405 | Bailey   | HP: 3/44 [orc warlord/+0 broad axe (41)]
  8447 | Bailey   | Killed an orc warlord
  8448 | Bailey   | Reached skill level 9 in Dodging
  8853 | Bailey   | Identified the +6 fire dragon scales of the World {rPois
                  | rF++ rC- Int+3}
  8858 | Bailey   | Acquired 782 gold pieces
  8860 | Bailey   | Acquired 554 gold pieces
  9012 | D:7      | Reached * piety under Dithmenos
  9034 | D:7      | Reached skill level 10 in Dodging
  9034 | D:7      | Reached skill level 1 in Fighting
  9043 | D:7      | Reached skill level 2 in Fighting
  9210 | D:7      | You are sucked into a shaft and drop 2 floors!
  9252 | D:9      | Found a bloodstained altar of Trog.
  9357 | D:9      | Reached skill level 3 in Fighting
  9990 | D:9      | Reached skill level 4 in Fighting
 10322 | D:8      | Noticed Gastronok
 10380 | D:8      | Found Pienyst's General Store.
 10383 | D:8      | Bought a potion of curing for 45 gold pieces
 10383 | D:8      | Bought a scroll of teleportation for 45 gold pieces
 10446 | D:8      | HP: 11/51 [centaur/arrow (2)]
 10449 | D:8      | HP: 1/51 [centaur/arrow (10)]
 10449 | D:8      | Shot with an arrow by a centaur

Vanquished Creatures
  An orc warlord (Bailey)
  A two-headed ogre (D:6)
  An orc knight (Bailey)
  Sigmund (D:3)
  16 yaks
  2 steam dragons (D:9)
  2 water moccasins
  3 sky beasts
  5 black bears
  2 ice beasts
  4 orc warriors
  2 kobold brigands (D:5)
  A necrophage (D:4)
  2 bullfrogs
  2 scorpions
  A wight (D:9)
  5 hounds
  4 jellies
  4 orc priests
  3 iron imps (D:3)
  2 iguanas
  2 orc wizards (D:7)
  Robin (D:4)
  A howler monkey zombie (D:3)
  7 gnolls (D:4)
  4 adders
  3 river rats
  2 shadow imps
  A white imp (D:6)
  2 ufetubi
  An adder zombie (D:3)
  A worm (D:2)
  3 dart slugs
  26 orcs
  2 endoplasms (D:1)
  6 giant cockroaches
  28 goblins
  11 hobgoblins
  2 jackals (D:3)
  3 quokkas
  12 ball pythons
  3 bats
  2 frilled lizards
  A giant cockroach zombie (D:3)
  21 kobolds
  11 rats
220 creatures vanquished.

Vanquished Creatures (others)
  A sky beast (D:9)
  A human (D:3)
2 creatures vanquished.

Grand Total: 222 creatures vanquished

Table legend:
 A = Non-vault XP
 B = Vault XP
 C = Vault XP percentage of total XP
 D = Non-vault monster count
 E = Vault monster count
 F = Vault count percentage of total count
                 A         B        C        D         E       F
            +---------+---------+-------+---------+---------+-------
      Total |    7271 |    3510 |  32.6 |     138 |      83 |  37.6
            +---------+---------+-------+---------+---------+-------
        D:1 |      34 |       0 |   0.0 |      19 |       0 |   0.0
        D:2 |      36 |       0 |   0.0 |      13 |       0 |   0.0
        D:3 |      22 |     374 |  94.4 |      11 |       7 |  38.9
        D:4 |     514 |      39 |   7.1 |      23 |      13 |  36.1
        D:5 |    1909 |     226 |  10.6 |      28 |      11 |  28.2
        D:6 |    1549 |       0 |   0.0 |      12 |       0 |   0.0
        D:7 |    1996 |       6 |   0.3 |      21 |       4 |  16.0
        D:8 |     185 |       0 |   0.0 |       6 |       0 |   0.0
        D:9 |    1026 |     709 |  40.9 |       5 |      12 |  70.6
      Sewer |       0 |      44 | 100.0 |       0 |      16 | 100.0
     Bailey |       0 |    2112 | 100.0 |       0 |      20 | 100.0
            +---------+---------+-------+---------+---------+-------

Illustrated notes

Table legend:
 A = Kills in this place as a percentage of kills in entire the game.
 B = Kills by you in this place as a percentage of kills by you in the entire game.
 C = Kills by friends in this place as a percentage of kills by friends in the entire game.
 D = Other kills in this place as a percentage of other kills in the entire game.
 E = Experience gained in this place as a percentage of experience gained in the entire game.
 F = Experience gained in this place divided by the number of levels of this place that you have seen.
                   A       B       C       D       E      F
               +-------+-------+-------+-------+-------+----------------------
         Total | 100.0 | 100.0 |   N/A | 100.0 | 100.0 | 898.4
       Dungeon |  83.7 |  83.6 |   N/A | 100.0 |  80.0 | 958.3
         Sewer |   7.2 |   7.3 |   N/A |   0.0 |   0.4 |  44.0
        Bailey |   9.0 |   9.1 |   N/A |   0.0 |  19.6 | 2112.0
               +-------+-------+-------+-------+-------+----------------------

Table legend: (Time is in decaauts)
 A = Elapsed time spent in this place.
 B = Non-inter-level travel time spent in this place.
 C = Inter-level travel time spent in this place.
 D = Time resting spent in this place.
 E = Time spent auto-exploring this place.
 F = Levels seen in this place.
 G = Mean time per level.
                   A        B        C        D        E       F      G
               +--------+--------+--------+--------+--------+-----+--------+
         Total |   7774 |   7380 |    394 |   1655 |   3176 |  12 |  647.8 |
       Dungeon |   6493 |   6105 |    388 |   1229 |   2798 |   9 |  721.4 |
        Temple |      8 |      2 |      6 |      0 |      0 |   1 |    8.0 |
         Sewer |    287 |    287 |      0 |    127 |      0 |   1 |  287.0 |
        Bailey |    984 |    984 |      0 |    299 |    378 |   1 |  984.0 |
               +--------+--------+--------+--------+--------+-----+--------+

Top non-repeatable levels by time:
     D:5: 1610 daAuts
  Bailey: 984 daAuts
     D:3: 961 daAuts
     D:9: 872 daAuts
     D:4: 859 daAuts
     D:1: 781 daAuts
     D:6: 504 daAuts
     D:7: 423 daAuts
     D:2: 369 daAuts
   Sewer: 287 daAuts
     D:8: 112 daAuts
  Temple: 8 daAuts
